Map: Lost and Found LE

Players

FisterRoboto

  • Race: Zerg Zerg
  • League: Master
  • Spawn Location: 1:00

EduLis - Winner!

  • Race: Terran Terran
  • League: Master
  • Spawn Location: 7:00

VOD

Have the link to the VOD?

Description

Time

  • Played on: June 22, 2018, 10:22 p.m.
  • Length: 9:18
Show
View Real Time Build Order
Export as new Build Order

FisterRoboto Zerg 

Build Orders: Hatch First 

Get SALT Encoding   

  12  0:01  Drone  
  13  0:13  Overlord  
  13  0:18  Drone  
  14  0:33  Drone x2  
  16  0:36  Drone  
  17  0:54  Hatchery  
  16  1:00  Drone x2  
  18  1:14  Extractor  
  18  1:17  Spawning Pool  
  18  1:18  Drone  
  17  1:21  Drone  
  18  1:29  Drone  
  19  1:40  Drone  
  20  1:53  Drone  
  21  2:06  Queen x2  
  21  2:08  Zergling x4  
  27  2:17  Hatchery  
  27  2:22  Metabolic Boost  
  26  2:31  Overlord  
  26  2:41  Zergling x2  
  26  2:44  Spore Crawler  
  25  2:45  Drone x2  
  26  2:53  Drone  
  26  2:54  Drone  
  26  2:58  Pneumatized Carapace  
  29  3:01  Drone  
  29  3:03  Drone  
  31  3:09  Overlord  
  31  3:14  Drone x2  
  32  3:23  Drone x3  
  32  3:24  Drone  
  36  3:33  Drone  
  36  3:34  Drone x3  
  40  3:36  Drone  
  40  3:39  Drone  
  40  3:40  Drone  
  43  3:45  Drone  
  43  3:48  Overlord  
  44  3:50  Drone  
  44  3:55  Queen, Drone  
  47  3:57  Drone  
  49  4:09  Drone  
  49  4:10  Drone x3  
  49  4:14  Drone  
  53  4:19  Drone  
  53  4:24  Zergling x4  
  56  4:30  Zergling x4  
  58  4:34  Overlord  
  58  4:39  Overlord  
  58  4:44  Overlord  
  58  4:49  Queen  
  58  4:52  Queen x2, Drone  
  63  5:04  Drone x5  
  68  5:07  Spore Crawler  
  68  5:08  Spore Crawler x2, Extractor  
  68  5:09  Drone x3  
  67  5:15  Drone x3  
  67  5:16  Drone  
  67  5:17  Drone x2  
  73  5:23  Overlord x2  
  73  5:28  Lair  
  73  5:33  Baneling Nest  
  73  5:34  Overlord  
  73  5:35  Overlord x2, Evolution Chamber  
  72  5:37  Evolution Chamber  
  69  5:48  Drone x4  
  73  5:57  Drone  
  73  5:58  Drone x4  
  73  6:02  Zerg Melee Weapons Level 1  
  73  6:03  Zerg Ground Armor Level 1  
  77  6:12  Drone x5  
  77  6:15  Extractor  
  77  6:16  Extractor  
  77  6:17  Extractor  
  80  6:18  Drone x2, Extractor  
  80  6:19  Drone x2  
  80  6:20  Queen  
  80  6:24  Queen  
  86  6:30  Hatchery  
  86  6:32  Drone x6  
  91  6:33  Drone  
  91  6:34  Drone  
  93  6:41  Hydralisk Den  
  93  6:42  Drone x2  
  93  6:46  Drone  
  95  6:51  Drone  
  96  6:57  Queen  
  98  7:02  Queen  
  98  7:06  Drone  
  98  7:08  Drone x2  
  103  7:13  Hatchery  
  103  7:14  Overlord x4  
  103  7:15  Overlord  
  102  7:22  Drone, Extractor  
  103  7:23  Drone  
  103  7:24  Centrifical Hooks  
  103  7:25  Extractor  
  103  7:26  Grooved Spines  
  103  7:27  Drone x3  
  105  7:30  Drone  
  105  7:31  Overlord x2  
  106  7:43  Drone x6  
  112  7:49  Drone x2  
  113  7:55  Zergling x4  
  113  7:57  Hydralisk  
  113  7:58  Hydralisk  
  115  8:00  Burrow  
  118  8:05  Zergling x4  
  118  8:15  Drone x4  
  119  8:30  Zergling x10  
  119  8:33  Drone  
  119  8:34  Drone  
  115  8:41  Zergling x4  
  115  8:44  Hydralisk x2  
  115  8:48  Baneling x9, Hydralisk  
  116  8:53  Zergling x2  
  119  8:55  Zergling x2  
  119  8:59  Hatchery  
  125  9:17  Extractor  
Show
View Real Time Build Order
Export as new Build Order

EduLis Terran - Winner!

Build Orders: Reaper Expand, MMM Bio 

Get SALT Encoding   

  12  0:02  SCV  
  13  0:14  SCV  
  13  0:17  Supply Depot  
  14  0:26  SCV  
  15  0:39  SCV  
  16  0:45  Barracks  
  16  0:46  Refinery  
  16  0:51  SCV  
  17  1:03  SCV  
  18  1:15  SCV  
  19  1:33  Orbital Command  
  19  1:34  Reaper  
  20  1:46  Command Center  
  20  2:00  Supply Depot  
  20  2:03  SCV  
  20  2:06  Marine  
  22  2:13  Factory  
  22  2:16  SCV  
  22  2:22  Refinery  
  23  2:24  Barracks Reactor  
  23  2:29  SCV  
  24  2:48  SCV  
  25  2:57  Starport  
  25  3:02  Orbital Command  
  25  3:04  SCV  
  26  3:07  Hellion x2  
  26  3:10  Barracks Tech Lab  
  30  3:22  SCV  
  31  3:28  Hellion x2  
  31  3:29  Stimpack  
  31  3:32  SCV  
  36  3:39  Medivac  
  38  3:45  Marine  
  38  3:46  SCV x2  
  41  3:53  Supply Depot  
  41  3:58  SCV x2  
  42  4:10  SCV  
  42  4:11  SCV  
  42  4:13  Supply Depot  
  42  4:16  Hellion  
  48  4:17  Hellion  
  48  4:19  Viking  
  48  4:22  SCV  
  51  4:29  SCV  
  52  4:34  SCV  
  53  4:41  Command Center, SCV  
  54  4:46  SCV  
  53  4:53  SCV  
  53  4:58  SCV  
  53  4:59  Engineering Bay x2  
  55  5:05  SCV  
  56  5:09  Barracks x2  
  56  5:10  SCV  
  57  5:16  Factory Reactor, Starport Reactor  
  57  5:17  Refinery, SCV  
  58  5:22  Refinery, SCV  
  58  5:24  Supply Depot  
  59  5:30  Supply Depot, SCV  
  59  5:34  SCV  
  61  5:42  SCV  
  60  5:43  Combat Shields, Marine  
  60  5:44  Terran Infantry Weapons Level 1, Terran Infantry Armor Level 1  
  60  5:47  SCV  
  60  5:48  Supply Depot  
  62  5:54  SCV  
  62  5:56  Marine x2  
  66  5:59  SCV  
  66  6:01  Marine  
  72  6:06  SCV  
  72  6:08  SCV  
  72  6:11  SCV  
  75  6:14  Barracks x2, Marine  
  75  6:17  Medivac x2  
  75  6:18  SCV  
  76  6:20  Factory Reactor  
  76  6:21  Orbital Command  
  76  6:33  Marine x3  
  76  6:34  Marine x2  
  76  6:38  SCV x2  
  83  6:40  Orbital Command  
  83  6:51  Marine x2  
  85  6:57  Supply Depot  
  85  7:00  Supply Depot  
  85  7:03  Marine x3  
  85  7:05  Supply Depot, Barracks Reactor x2  
  85  7:06  Widow Mine x2, Medivac x2  
  85  7:07  Supply Depot  
  96  7:09  Marine x2  
  98  7:18  SCV  
  98  7:19  SCV x2  
  98  7:21  Marine x3  
  104  7:25  Supply Depot  
  104  7:26  Supply Depot  
  104  7:28  Marine  
  104  7:29  Marine  
  106  7:30  Widow Mine  
  106  7:31  SCV x2  
  106  7:36  Medivac  
  112  7:38  Marine  
  112  7:39  Marine x2  
  112  7:43  Marine  
  112  7:44  Medivac, Marine x3  
  116  7:45  Widow Mine, SCV x3  
  116  7:46  Marine x2  
  128  7:56  Supply Depot, Marine x2  
  128  7:57  Supply Depot, Marine, SCV  
  132  7:58  Supply Depot  
  132  8:01  Marine x4  
  132  8:04  Marine x2  
  138  8:08  Widow Mine  
  138  8:14  Marine x3  
  138  8:15  Widow Mine, Medivac x2  
  138  8:18  SCV x2  
  138  8:19  Marine x4  
  152  8:20  Refinery  
  152  8:22  Marine x2  
  155  8:31  Armory  
  155  8:32  Marine  
  151  8:47  Marine x8  
  151  8:48  Widow Mine, Medivac x2  
  163  8:50  Marine  
  163  8:54  SCV x2  
  168  8:56  Widow Mine  
  168  8:57  Command Center  
  168  9:03  Barracks  
  173  9:17  Command Center  
Tags
 
Add a new tag
Caveats
  • Supply blocks, unpowered buildings, or Contaminate may cause inaccurate times.
  • Supply counts are checked every 10 seconds.